 Dungeon Crawl Stone Soup version 0.30.0-29-ga12c61a403 (webtiles) character file.

Game seed: 955955665735115639

86 qw the Chopper (level 4, -2/28 HPs)
             Began as a Gargoyle Fighter on June 4, 2023.
             Slain by an orc
             ... wielding a +0 trident
              (4 damage)
             ... on level 3 of the Dungeon.
             The game lasted 00:01:00 (1911 turns).

qw the Chopper (Gargoyle Fighter)                   Turns: 1911, Time: 00:01:01

Health: -2/28      AC: 12    Str: 21    XL:     4   Next: 50%
Magic:  4/4        EV:  7    Int:  9    God:
Gold:   11         SH:  4    Dex:  9    Spells: 3/3 levels left

rFire   . . .        Y - +0 war axe
rCold   . . .        c - +0 buckler
rNeg    + . .        e - +0 chain mail
rPois   inf          (no helmet)
rElec   +            (no cloak)
rCorr   .            (no gloves)
SInv    .            (no boots)
Will    .....        (no amulet) Stlth
                     (no ring)
HPRegen 0.24/turn    (no ring)
MPRegen 0.09/turn

%: no passive effects
@: no status effects
A: sickness immunity, AC +3, negative energy resistance 1, electricity
resistance, torment resistance 1, petrification resistance
a: no special abilities


You were on level 3 of the Dungeon.
You visited 1 branch of the dungeon, and saw 3 of its levels.

You collected 41 gold pieces.
You spent 30 gold pieces at shops.


Innate Abilities, Weirdness & Mutations

You are immune to sickness and miasma.
Your stone body is resilient. (AC +3)
You are immune to poison.
You resist negative energy. (rN+)
You are resistant to electric shocks. (rElec)
You are resistant to unholy torment.
You are immune to petrification.


   Skills:
 - Level 3.2 Fighting
 + Level 4.2 Axes
 - Level 3.2 Armour
 - Level 3.2 Shields


You had 3 spell levels left.
You didn't know any spells.
Your spell library was empty.

Inventory:

Hand Weapons
 k - a +0 whip of venom
 Y - a +0 war axe (weapon)
Armour
 c - a +0 buckler (worn)
 e - a +0 chain mail (worn)
 i - the +2 ring mail "Utaapp" {-Tele Str+9 Dex+5 Stlth-}
   (You found it on level 2 of the Dungeon)

   Str:       It affects your strength (+9).
   Dex:       It affects your dexterity (+5).
   -Tele:     It prevents most forms of teleportation.
   Stlth:     It makes you less stealthy.
Scrolls
 b - a scroll of immolation {unknown}
 l - a scroll of teleportation
 m - 2 scrolls of identify {unknown}
 o - 3 scrolls of enchant armour {unknown}
Potions
 a - a potion of haste
 d - 2 potions of might
 f - a potion of resistance {unknown}
 g - a potion of flight {unknown}
 h - a potion of ambrosia {unknown}
 j - a potion of invisibility {unknown}
 n - a potion of attraction {unknown}

Dungeon Overview and Level Annotations

Branches:
Dungeon (3/15)

Altars:

Shops:
D:2 *


Message History

You are more confused.
The goblin barely misses you. Something hits you but does no damage.
The goblin hits you but does no damage. Something hits you but does no damage.
An orc comes into view. It is wielding a +0 trident.
The goblin hits you but does no damage.
You hear some strange, mumbled words.
A puff of flame appears from out of thin air!
The puff of flame hits you. The orc hits you but does no damage.
The goblin hits you but does no damage.
You hear some strange, mumbled words.
A magic dart appears from out of thin air!
The magic dart hits you. The orc completely misses you.
The goblin barely misses you. Something hits you but does no damage.
The orc hits you but does no damage. The goblin hits you but does no damage.
The orc closely misses you. Something hits you but does no damage.
The goblin hits you but does no damage. Something hits you but does no damage.
The orc hits you from afar with a +0 trident.
The goblin hits you with a +0 club. Something hits you but does no damage.
The orc hits you from afar with a +0 trident.
You feel less confused. The goblin hits you but does no damage.
Something hits you but does no damage.
The orc hits you from afar with a +0 trident.
You slash the goblin!
You kill the goblin!
You hit something. Something hits you but does no damage.
The orc hits you but does no damage.
An orc comes into view. It is wielding a +0 dagger.
The orc shouts!
You hear an angry growl.
You hear some strange, mumbled words.
A magic dart appears from out of thin air!
The magic dart hits you but does no damage.
The orc closely misses you.
You see here a +0 club.
You closely miss the orc. You miss something. Something hits you.
The orc barely misses you.
You closely miss the orc. You barely miss something.
You hear some strange, mumbled words.
A puff of flame appears from out of thin air!
The puff of flame hits you! The orc hits you with a +0 trident.
You die...

##......###......#.#.#%#.#
#...............'.#.#.#.#
#...............###.#.#.#
##...............'...#.#.#
.................#####<#[#
#.......###......# #.#.#
#.......# #......# #...#
#.......# #.....{## #####
#.......# #####.@.#
#.......# #o### #.###...#
#. ..# ...# #o .. #. .. ..


You could see 2 orcs.

Vanquished Creatures
  An iguana (D:3)
  An adder (D:2)
  3 dart slugs
  6 ball pythons (D:1)
  An endoplasm (D:1)
  2 giant cockroaches (D:1)
  6 goblins
  6 hobgoblins
  2 kobolds (D:2)
  5 quokkas
  2 bats (D:1)
  3 frilled lizards
  6 rats
44 creatures vanquished.

Notes
Turn   | Place    | Note
-------+----------+-------------------------------------------
     0 | D:1      | qw the Gargoyle Fighter began the quest for the Orb.
     0 | D:1      | Reached XP level 1. HP: 14/14 MP: 1/1
     0 | D:1      | 0 ||| qw: Version: 0.2-a-107-g4668610
     0 | D:1      | 0 ||| qw: Game counter: 1248
     0 | D:1      | 0 ||| qw: Always use a shield: true
     0 | D:1      | 0 ||| qw: God list: Okawaru
     0 | D:1      | 0 ||| qw: Allow faded altars: false
     0 | D:1      | 0 ||| qw: Do Orc after D:15 true
     0 | D:1      | 0 ||| qw: Do second Lair branch before Depths: true
     0 | D:1      | 0 ||| qw: Lair rune preference: random
     0 | D:1      | 0 ||| qw: Plans: Normal, Zot:1-4, Slime:5, God:TSO, Crypt,
                  | Tomb, Abyss, Pan, Hells, Win
     0 | D:1      | 0 ||| PLANNING D:1-11
    12 | D:1      | 12 ||| Stepping ~*~*~tactically~*~*~ (hiding).
    16 | D:1      | 16 ||| Stepping ~*~*~tactically~*~*~ (hiding).
    19 | D:1      | 19 ||| Stepping ~*~*~tactically~*~*~ (hiding).
    24 | D:1      | Reached skill level 2 in Axes
   189 | D:1      | Reached XP level 2. HP: 14/19 MP: 2/2
   396 | D:1      | Reached skill level 3 in Axes
   424 | D:1      | Reached XP level 3. HP: 21/23 MP: 3/3
   460 | D:1      | 460 ||| Stepping ~*~*~tactically~*~*~ (stealth).
   464 | D:1      | 464 ||| Stepping ~*~*~tactically~*~*~ (stealth).
   465 | D:1      | 465 ||| Stepping ~*~*~tactically~*~*~ (stealth).
   909 | D:1      | 909 ||| DROPPING scarf of shadows.
   910 | D:1      | 910 ||| READING scroll labelled BUANIA MEEBELE.
  1011 | D:1      | 1011 ||| READING 2 scrolls labelled SOKKUE BUGAK.
  1012 | D:1      | 1012 ||| READING scroll labelled OBOSHRE SUNA.
  1016 | D:1      | 1016 ||| DROPPING scroll of fog.
  1062 | D:2      | Found a faded altar of an unknown god.
  1203 | D:2      | Identified the +2 ring mail "Utaapp" {-Tele Str+9 Dex+5
                  | Stlth-}
  1352 | D:2      | 1352 ||| DROPPING +0 club.
  1476 | D:2      | Found Cuid's General Store.
  1481 | D:2      | 1481 ||| SHOPLISTING potion of haste (100 gold, have 33).
  1481 | D:2      | 1481 ||| SHOPLISTING potion of magic (80 gold, have 33).
  1481 | D:2      | 1481 ||| SHOPLISTING scroll of enchant weapon (75 gold,
                  | have 33).
  1481 | D:2      | 1481 ||| BUYING scroll of teleportation (30 gold).
  1481 | D:2      | Bought a scroll of teleportation for 30 gold pieces
  1516 | D:2      | 1516 ||| UPGRADING to +0 chain mail.
  1526 | D:2      | 1526 ||| DROPPING +0 scale mail.
  1527 | D:2      | 1527 ||| READING 2 scrolls labelled WISMOJIBRI.
  1528 | D:2      | 1528 ||| DRINKING 2 grey potions.
  1529 | D:2      | 1529 ||| DROPPING scroll of magic mapping.
  1564 | D:3      | 1564 ||| Stepping ~*~*~tactically~*~*~ (hiding).
  1565 | D:3      | 1565 ||| Stepping ~*~*~tactically~*~*~ (hiding).
  1567 | D:3      | 1567 ||| Stepping ~*~*~tactically~*~*~ (hiding).
  1573 | D:3      | 1573 ||| Stepping ~*~*~tactically~*~*~ (hiding).
  1575 | D:3      | 1575 ||| Stepping ~*~*~tactically~*~*~ (hiding).
  1576 | D:3      | 1576 ||| Stepping ~*~*~tactically~*~*~ (hiding).
  1635 | D:3      | 1635 ||| Stepping ~*~*~tactically~*~*~ (hiding).
  1690 | D:3      | Reached skill level 4 in Axes
  1690 | D:3      | Reached XP level 4. HP: 28/28 MP: 4/4
  1888 | D:3      | 1888 ||| Stepping ~*~*~tactically~*~*~ (hiding).
  1911 | D:3      | HP: 2/28 [something/puff of flame (10)]
  1911 | D:3      | Slain by an orc

Levels and vault maps discovered:
D:1:      lemuel_arrival_hallway, layout_loops_ring
D:2:      layout_rooms, ebering_ecumenical_altar_webs, serial_shops,
          nicolae_shop_hallway_plus
D:3:      layout_basic, bloody_trog, tso_oasis_becter

Skill      XL: |  1  2  3 |
---------------+----------+-----
Axes           | 2 3 4 |  4.2
Fighting       | |  3.2
Armour         | |  3.2
Shields        | |  3.2

Action                     |  1- 3 |  4- 6 || total
---------------------------+-------+-------++-------
  Melee: War axe           |   115 |    15 ||   130
    Use: Scroll            |     4 |       ||     4
         Potion            |     1 |       ||     1
 Armour: Scale mail        |    44 |       ||    44
         Chain mail        |    11 |    27 ||    38
  Dodge: Dodged            |    51 |    10 ||    61
  Block: Buckler           |    24 |       ||    24

Table legend:
 A = Non-vault XP
 B = Vault XP
 C = Vault XP percentage of total XP
 D = Non-vault monster count
 E = Vault monster count
 F = Vault count percentage of total count
                 A         B        C        D         E       F
            +---------+---------+-------+---------+---------+-------
      Total |     124 |       0 |   0.0 |      44 |       0 |   0.0
            +---------+---------+-------+---------+---------+-------
        D:1 |      41 |       0 |   0.0 |      24 |       0 |   0.0
        D:2 |      27 |       0 |   0.0 |       9 |       0 |   0.0
        D:3 |      56 |       0 |   0.0 |      11 |       0 |   0.0
            +---------+---------+-------+---------+---------+-------
